 Dungeon Crawl Stone Soup version 0.23.2-33-g5129a83184 (webtiles) character file.

Game seed: 2162707550339640404

127 Exodus22XD the Chopper (level 4, -3/41 HPs)
             Began as a Minotaur Berserker on July 1, 2019.
             Was a Believer of Trog.
             Splashed by Ijyb's acid (9 damage)
             ... on level 3 of the Dungeon.
             The game lasted 00:03:11 (1516 turns).

Exodus22XD the Chopper (Minotaur Berserker)         Turns: 1516, Time: 00:03:12

Health: -3/41      AC:  1    Str: 22    XL:     4   Next: 85%
Magic:  3/3        EV:  8    Int:  4    God:    Trog [**....]
Gold:   109        SH:  0    Dex: 10    Spells: 3/3 levels left

rFire    . . .     SeeInvis .   a - +0 hand axe
rCold    . . .     Gourm    .   (no shield)
rNeg     . . .     Faith    .   v - +0 chain mail
rPois    .         Spirit   .   (helmet restricted)
rElec    .         Reflect  .   (no cloak)
rCorr    .         Harm     .   (no gloves)
MR       ++...                  (no boots)
Stlth    ..........             (no amulet)
HPRegen  1.13/turn              (no ring)
MPRegen  0.08/turn              (no ring)

@: corroded, regenerating
A: retaliatory headbutt, horns 2
a: Berserk, Trog's Hand, Renounce Religion


You were on level 3 of the Dungeon.
You worshipped Trog.
Trog was pleased with you.
You were not hungry.

You visited 1 branch of the dungeon, and saw 3 of its levels.

You collected 109 gold pieces.

Inventory:

Hand Weapons
 a - a +0 hand axe (weapon)
 u - a +0 flail
Armour
 v - a +0 chain mail (worn)
Scrolls
 d - 2 scrolls of magic mapping {unknown}
 e - 5 scrolls of remove curse
 k - a scroll of enchant weapon {unknown}
 l - 2 scrolls of enchant armour {unknown}
 m - a scroll of blinking {unknown}
 n - a scroll of fog {unknown}
 p - a scroll of teleportation {unknown}
 s - a scroll of identify {unknown}
Potions
 b - a potion of flight {unknown}
 f - 2 potions of mutation {unknown}
 g - 2 potions of berserk rage {unknown}
 h - 3 potions of curing {unknown}
 i - a potion of cancellation {unknown}
 o - a potion of haste {unknown}
 q - 2 potions of magic {unknown}
 r - 2 potions of brilliance {unknown}
Comestibles
 c - 6 rations


   Skills:
 + Level 4.9 Fighting
 + Level 5.0 Axes
 + Level 3.5 Armour
 + Level 2.6 Dodging


You had 3 spell levels left.
You didn't know any spells.
Your spell library was empty.

Dungeon Overview and Level Annotations

Branches:
Dungeon (3/15)

Altars:
Ru

Annotations:
D:3 Ijyb


Innate Abilities, Weirdness & Mutations

You reflexively headbutt those who attack you in melee.
You have a pair of horns on your head.


Message History

You closely miss Ijyb. Ijyb hits you but does no damage.
You closely miss Ijyb. You headbutt Ijyb.
Ijyb is moderately wounded.
Ijyb zaps a wand.
The bolt of acid hits you! The acid corrodes you!
You are splashed with acid!!
* * * LOW HITPOINT WARNING * * *
The orc hits you but does no damage.
You are too injured to fight recklessly!
You are too injured to fight recklessly!
You are too injured to fight recklessly!
Okay, then.
Your skin crawls.
You feel resistant to hostile enchantments.
You feel somewhat more hungry. Ijyb barely misses you.
The orc hits you from afar with a +0 trident.
* * * LOW HITPOINT WARNING * * *
Ijyb zaps a wand.
The bolt of acid hits you.
* * * LOW HITPOINT WARNING * * *
The acid corrodes you!
You are splashed with acid!
You die...

#..#
#..########
#..........
#.#########
#.#
#.#########
#.........#
#########.#
#@# #.# #g#
#o# #.# #.#
#.# #.# #.#


You could see Ijyb and an orc.

Vanquished Creatures
  Terence (D:2)
  4 gnolls (D:2)
  2 adders (D:2)
  2 worms
  A dart slug (D:1)
  2 bats
  2 giant cockroaches
  7 goblins
  3 hobgoblins
  4 jackals (D:2)
  5 kobolds (D:1)
  A ball python (D:1)
  2 frilled lizards
  4 rats
40 creatures vanquished.

Notes
Turn   | Place    | Note
-------+----------+-------------------------------------------
     0 | D:1      | Exodus22XD the Minotaur Berserker began the quest for the
                  | Orb.
     0 | D:1      | Reached XP level 1. HP: 19/19 MP: 0/0
    91 | D:1      | Reached XP level 2. HP: 23/27 MP: 1/1
    92 | D:1      | Reached skill level 4 in Axes
   774 | D:2      | Reached XP level 3. HP: 26/33 MP: 2/2
   778 | D:2      | Reached ** piety under Trog
   783 | D:2      | Reached XP level 4. HP: 31/41 MP: 3/3
  1143 | D:2      | Found a sacrificial altar of Ru.
  1235 | D:2      | Noticed Terence
  1245 | D:2      | Killed Terence
  1245 | D:2      | Reached skill level 5 in Axes
  1507 | D:3      | Noticed Ijyb
  1516 | D:3      | Splashed by Ijyb's acid

Skill      XL: |  1  2  3  4 |
---------------+-------------+-----
Axes           | 4 5 |  5.0
Fighting       | 4 |  4.9
Armour         | 3 |  3.5
Dodging        | |  2.6

Action                   |  1- 3 |  4- 6 || total
-------------------------+-------+-------++-------
Melee: Hand axe          |    54 |    35 ||    89
       Headbutt          |    11 |     8 ||    19
Invok: Berserk           |     1 |       ||     1
       Trog's Hand       |       |     1 ||     1
  Use: Scroll            |       |     1 ||     1
  Eat: Chunk             |       |     3 ||     3
Armor: Animal skin       |     5 |       ||     5
       Ring mail         |    11 |     7 ||    18
       Chain mail        |       |     5 ||     5
Dodge: Dodged            |    37 |    17 ||    54
